Map: Year Zero LE

Players

bohamad

  • Race: Protoss Protoss
  • League: Platinum
  • Spawn Location: 11:00

Norpix - Winner!

  • Race: Zerg Zerg
  • League: Diamond
  • Spawn Location: 1:00

VOD

Have the link to the VOD?

Description

Time

  • Played on: March 9, 2019, 6:31 a.m.
  • Length: 19:38
Show
View Real Time Build Order
Export as new Build Order

bohamad Protoss 

Build Orders: Oracle Opening 

Get SALT Encoding   

  12  0:01  Probe  
  13  0:16  Pylon  
  13  0:18  Probe  
  14  0:34  Probe  
  14  0:35  Gateway  
  15  0:43  Probe  
  16  0:51  Probe  
  16  0:52  Assimilator  
  17  1:03  Probe  
  18  1:22  Cybernetics Core  
  18  1:33  Probe  
  19  1:45  Nexus  
  19  1:50  Assimilator  
  19  1:57  Pylon  
  19  2:02  Warp Gate  
  19  2:13  Probe, Sentry  
  21  2:21  Probe  
  23  2:30  Probe  
  24  2:43  Stargate  
  24  2:47  Zealot  
  26  2:51  Probe  
  26  2:57  Gateway  
  27  3:00  Probe  
  27  3:03  Probe  
  29  3:12  Gateway  
  29  3:19  Oracle  
  31  3:21  Sentry  
  31  3:33  Probe  
  35  3:41  Probe  
  36  3:54  Zealot  
  36  3:55  Zealot  
  40  4:12  Stalker  
  40  4:14  Probe x2  
  40  4:15  Stalker  
  46  4:47  Twilight Council  
  46  4:49  Pylon  
  46  4:51  Pylon  
  46  5:03  Phoenix  
  46  5:04  Pylon  
  46  5:07  Probe  
  46  5:08  Probe  
  46  5:13  Stalker x2  
  54  5:14  Zealot  
  54  5:17  Probe  
  54  5:20  Probe, Phoenix  
  58  5:23  Assimilator  
  58  5:25  Probe  
  59  5:32  Probe  
  59  5:34  Probe  
  61  5:37  Phoenix  
  59  5:44  Probe  
  59  5:45  Zealot x3  
  59  5:49  Probe  
  69  5:54  Gateway  
  69  5:56  Probe  
  70  6:00  Gateway  
  70  6:12  Pylon  
  70  6:14  Shield Battery  
  70  6:17  Pylon  
  70  6:22  Phoenix  
  70  6:30  Probe  
  73  6:36  Forge, Probe  
  74  6:41  Assimilator  
  74  6:42  Probe  
  75  6:47  Zealot x3  
  75  6:48  Probe  
  82  6:57  Phoenix  
  84  7:07  Protoss Ground Armor Level 1  
  84  7:09  Zealot  
  84  7:14  Pylon x2  
  84  7:15  Pylon  
  86  7:20  Templar Archives  
  86  7:32  Probe x2, Phoenix  
  86  7:35  Pylon  
  90  7:38  Pylon  
  90  7:39  Stalker x2  
  90  7:40  Stalker  
  96  7:45  Probe  
  96  7:46  Probe  
  98  8:19  Zealot x3  
  104  8:20  Zealot x2  
  100  8:40  Zealot x5  
  106  9:06  Stalker  
  106  9:07  Stalker x3  
  106  9:08  Zealot  
  80  9:28  Protoss Ground Weapons Level 1  
  68  9:34  Pylon  
  66  9:41  Stalker  
  66  9:42  Zealot x3  
  74  9:48  Psionic Storm  
  73  9:54  Pylon  
  73  9:56  Pylon  
  73  9:58  Gateway  
  73  10:00  Gateway  
  73  10:03  Gateway  
  73  10:05  Gateway  
  73  10:08  Zealot x2  
  73  10:09  High Templar x3, Gateway  
  81  10:42  High Templar x3  
  83  10:43  High Templar x2  
  83  10:59  Zealot x3  
  83  11:00  High Templar  
  83  11:02  Archon  
  83  11:03  Archon  
  91  11:12  Forge  
  91  11:25  Zealot x4  
  97  11:26  Zealot x2  
  97  11:27  Zealot x3  
  97  11:31  Nexus  
  99  11:52  High Templar x2  
  99  11:53  High Templar  
  99  11:54  Zealot x4  
  107  11:55  Pylon, Zealot x3  
  107  11:57  Pylon  
  107  12:01  Pylon  
  119  12:16  Pylon  
  119  12:24  Pylon  
  119  12:29  Archon  
  119  12:42  Stalker  
  121  12:44  Stalker x4  
  121  12:45  Zealot x4  
  121  12:50  Protoss Ground Armor Level 2  
  113  13:29  Stalker  
  113  13:30  Stalker x5  
  113  13:32  Zealot x3  
  113  13:50  Assimilator  
  113  13:52  Assimilator  
  113  14:03  High Templar x2  
  113  14:04  Zealot  
  113  14:05  Zealot x6  
  107  14:22  Archon  
  87  14:33  Probe x2  
  89  14:47  High Templar x3  
  89  14:48  Zealot x2  
  89  14:49  Zealot x5  
  95  15:04  Blink  
  65  15:18  Protoss Ground Weapons Level 2  
  65  15:19  Phoenix  
  59  15:43  Phoenix  
  61  15:57  Zealot x5  
  61  15:58  Zealot x2  
  61  15:59  Nexus  
  75  16:05  Phoenix  
  75  16:11  Pylon  
  76  16:23  Phoenix  
  76  16:27  Stalker x3  
  76  16:28  Stalker  
  85  16:47  Stalker  
  85  16:49  Stalker x3  
  85  16:50  Zealot  
Show
View Real Time Build Order
Export as new Build Order

Norpix Zerg - Winner!

Build Orders: Hatch First, Roach Hydra 

Get SALT Encoding   

  12  0:01  Drone  
  13  0:13  Overlord  
  13  0:18  Drone  
  14  0:31  Drone x2  
  16  0:52  Hatchery  
  16  0:54  Drone  
  16  0:57  Drone  
  17  1:01  Drone  
  18  1:12  Drone  
  18  1:15  Extractor  
  18  1:21  Spawning Pool  
  18  1:24  Drone  
  18  1:29  Drone  
  19  1:46  Overlord  
  19  1:53  Drone  
  20  2:08  Queen x2  
  20  2:10  Zergling x4  
  20  2:14  Zergling x2  
  27  2:20  Metabolic Boost  
  27  2:26  Drone x3  
  30  2:38  Drone x2  
  30  2:43  Overlord  
  32  2:49  Queen  
  34  2:53  Drone  
  34  2:55  Drone  
  36  3:02  Drone  
  37  3:06  Drone  
  37  3:09  Drone  
  39  3:16  Drone  
  39  3:19  Overlord  
  40  3:20  Overlord  
  40  3:24  Drone x4  
  44  3:39  Drone  
  44  3:40  Drone  
  46  3:43  Hatchery  
  45  3:51  Lair  
  45  3:56  Extractor x2, Drone x5  
  48  4:09  Drone x6  
  54  4:24  Evolution Chamber  
  53  4:25  Roach Warren  
  49  4:32  Drone x7  
  51  4:43  Spore Crawler  
  51  4:44  Spore Crawler  
  49  4:52  Extractor  
  49  4:54  Drone  
  49  4:56  Zerg Missile Weapons Level 1  
  49  4:58  Overlord  
  49  4:59  Overlord  
  49  5:01  Drone x4  
  53  5:07  Drone x3  
  53  5:11  Queen  
  58  5:15  Drone x2  
  58  5:16  Drone  
  61  5:28  Drone x3  
  62  5:36  Drone x2  
  62  5:42  Roach x5  
  74  5:50  Drone x8  
  82  6:03  Overlord  
  82  6:04  Overlord x2  
  82  6:15  Glial Reconstitution  
  82  6:20  Spore Crawler  
  81  6:30  Roach x12  
  105  6:40  Drone  
  105  6:41  Overlord x3  
  105  6:42  Overlord  
  106  6:53  Hydralisk Den  
  105  6:56  Zerg Missile Weapons Level 2  
  105  7:00  Evolution Chamber, Drone x2  
  105  7:01  Overlord x2  
  106  7:13  Spore Crawler  
  105  7:27  Extractor  
  105  7:28  Extractor  
  103  7:37  Hydralisk x14  
  101  7:41  Grooved Spines  
  129  7:44  Zerg Ground Armor Level 1  
  129  7:45  Hatchery  
  128  7:54  Spore Crawler  
  128  7:55  Overlord x3  
  128  7:57  Overlord  
  127  7:58  Spire  
  124  8:13  Queen  
  126  8:21  Drone x4  
  126  8:22  Drone x11  
  140  8:36  Hydralisk x2  
  144  8:43  Extractor  
  144  8:46  Extractor  
  142  8:53  Muscular Augments  
  142  8:54  Zergling x12  
  135  9:21  Hydralisk x8  
  135  9:22  Zergling x8  
  132  9:34  Infestation Pit  
  132  9:36  Zerg Flyer Armor Level 1  
  131  9:43  Drone x5  
  136  9:47  Drone  
  136  9:49  Hatchery  
  136  9:52  Zerg Ground Armor Level 2  
  136  9:55  Zerg Melee Weapons Level 1  
  136  10:09  Queen  
  136  10:13  Corruptor x3  
  144  10:18  Overlord x5  
  143  10:38  Queen  
  143  10:40  Drone x2  
  143  10:42  Overlord x3  
  143  10:57  Hydralisk x8  
  143  10:58  Hydralisk x8  
  143  10:59  Zergling x2  
  143  11:00  Zergling x2  
  143  11:01  Corruptor  
  143  11:02  Corruptor x2  
  183  11:05  Hive  
  183  11:21  Drone x2  
  183  11:22  Drone  
  124  11:47  Corruptor, Hatchery  
  124  11:48  Corruptor x2, Hydralisk x12  
  153  12:01  Lurker Den  
  152  12:06  Roach x5  
  152  12:07  Roach x5  
  152  12:08  Roach  
  174  12:22  Overseer  
  174  12:24  Pneumatized Carapace  
  174  12:27  Hydralisk x5  
  174  12:28  Roach x3  
  174  12:29  Roach  
  192  12:30  Roach  
  194  12:48  Drone  
  195  12:51  Adrenal Glands  
  195  12:53  Greater Spire  
  195  12:56  Zerg Missile Weapons Level 3  
  195  12:58  Zerg Ground Armor Level 3  
  169  13:33  Hydralisk  
  169  13:34  Hydralisk x3  
  121  13:35  Roach x7, Zergling x6  
  121  13:36  Zergling x34  
  121  13:37  Zergling x4  
  133  14:00  Queen  
  107  14:17  Brood Lord x6  
  107  14:21  Hydralisk  
  107  14:22  Hydralisk x8  
  120  14:40  Zergling x26  
  120  14:41  Zergling x2  
  124  15:02  Zergling x10  
  124  15:03  Zergling x8  
  124  15:07  Hatchery  
  121  15:30  Adaptive Talons  
  121  15:32  Zerg Melee Weapons Level 2  
  121  15:33  Hatchery  
  120  15:45  Zergling x6  
  123  16:01  Extractor  
  123  16:03  Extractor  
  121  16:06  Drone x7  
  121  16:07  Drone x4  
  132  16:35  Hydralisk x4  
  132  16:36  Hydralisk x10  
  160  16:41  Lurker x3  
  160  16:42  Lurker  
  160  16:45  Lurker  
  160  16:46  Lurker x2  
  168  16:47  Lurker  
  168  16:57  Queen  
  168  16:58  Hatchery  
  163  17:19  Hydralisk x11  
  163  17:20  Hydralisk x2  
  163  17:21  Zergling x2  
  187  18:19  Extractor x2  
  187  19:14  Drone  
  187  19:15  Drone x4  
Tags
 
Add a new tag
Caveats
  • Supply blocks, unpowered buildings, or Contaminate may cause inaccurate times.
  • Supply counts are checked every 10 seconds.